 Dungeon Crawl Stone Soup version 0.29.1-1-gd02db6906a (webtiles) character file.

Game seed: 17388538006620373604

35 swilekon the Ducker (level 3, -3/17 HPs)
             Began as a Felid Monk on Sept 18, 2022.
             Slain by Terence
             ... wielding a +0 short sword
              (5 damage)
             ... on level 2 of the Dungeon.
             The game lasted 00:02:02 (1869 turns).

swilekon the Ducker (Felid Monk)                    Turns: 1869, Time: 00:02:03

Health: -3/17      AC:  1    Str:  9    XL:     3   Next: 16%
Magic:  4/4        EV: 19    Int: 11    God:
Gold:   28         SH:  0    Dex: 18    Spells: 2/2 levels left
                                        Lives:  0   Deaths: 0

rFire   . . .      SeeInvis +     - Unarmed
rCold   . . .      Faith    .   (shield unavailable)
rNeg    . . .      Spirit   .   (body armour unavailable)
rPois   .          Reflect  .   (helmet unavailable)
rElec   .          Harm     .   (cloak unavailable)
rCorr   .          Rampage  .   (gloves unavailable)
Will    .....                   (boots unavailable)
Stlth   ++........              (no amulet)
HPRegen 0.05/turn               (no ring)
MPRegen 0.09/turn               (no ring)

@: quick
A: very small, claws 1, fangs 3, see invisible, speed 1, shaggy fur 1, stealthy
paws, no weapons or thrown items, no armour, multi-lived
a: no special abilities


You were on level 2 of the Dungeon.
You visited 1 branch of the dungeon, and saw 2 of its levels.

You collected 28 gold pieces.

Inventory:

Scrolls
 b - a scroll of noise {unknown}
 c - a scroll of fear {unknown}
 d - a scroll of teleportation {unknown}
 e - a scroll of poison {unknown}
 f - a scroll of vulnerability {unknown}
 j - a scroll of identify {unknown}
 l - a scroll of amnesia {unknown}
Potions
 a - a potion of ambrosia
 g - a potion of flight {unknown}
 h - a potion of berserk rage {unknown}
 i - a potion of resistance {unknown}
 k - a potion of might {unknown}


   Skills:
 + Level 3.3 Fighting
 + Level 4.4 Dodging
 - Level 2.6 Stealth
 * Level 3.7 Unarmed Combat


You had 2 spell levels left.
You didn't know any spells.
Your spell library contained the following spells:

 Spells                   Type           Power      Damage    Failure   Level
 Ensorcelled Hibernation  Hex/Ice        0%         N/A       47%         2
 Passwall                 Tmut/Erth      0%         N/A       47%         2
 Ignite Poison            Fire/Tmut/Pois 0%         N/A       71%         3
 Mephitic Cloud           Conj/Pois/Air  0%         N/A       71%         3
 Swiftness                Air            0%         N/A       71%         3
 Freezing Cloud           Conj/Ice/Air   0%         6-21      100%        5


Dungeon Overview and Level Annotations

Branches:
Dungeon (2/15)

Altars:

Shops:
D:1 =

Annotations:
D:2 Terence


Innate Abilities, Weirdness & Mutations

You have sharp claws.
You have razor-sharp teeth.
You have supernaturally acute eyesight. (SInv)
You cover ground quickly. (Speed+)
You are covered in fur. (AC +1)
Your paws help you pounce on unaware monsters.
You are incapable of wielding weapons or throwing items.
You cannot wear armour.
You gain extra lives every three experience levels.


Message History

Terence closely misses you.
You completely miss Terence. You bite Terence, but do no damage.
Terence is moderately wounded.
Terence barely misses you.
You scratch Terence but do no damage.
Terence is moderately wounded.
Terence misses you.
You barely miss Terence.
Terence is moderately wounded.
Terence completely misses you.
You scratch Terence. You bite Terence.
Terence is heavily wounded.
Terence hits you with a +0 short sword.
You scratch Terence but do no damage. Your claw misses Terence.
Terence is heavily wounded.
Terence hits you with a +0 short sword!
* * * LOW HITPOINT WARNING * * *
You are too injured to fight recklessly!
You are too injured to fight recklessly!
You are too injured to fight recklessly!
You are too injured to fight recklessly!
You are too injured to fight recklessly!
You are too injured to fight recklessly!
You are too injured to fight recklessly!
You are too injured to fight recklessly!
You are too injured to fight recklessly!
You are too injured to fight recklessly!
You are too injured to fight recklessly!
You are too injured to fight recklessly!
You are too injured to fight recklessly!
You are too injured to fight recklessly!
You are too injured to fight recklessly!
You scratch Terence. Your bite misses Terence.
Terence is heavily wounded.
Terence screams, "I'm going to kill you!"
Terence closely misses you.
You barely miss Terence.
Terence is heavily wounded.
Terence hits you with a +0 short sword.
You die...

.###### ..>..$.
.......
#.....@#############
.....?.@..:....†...#
#......#.#########.###
#......#.# #...#
#........# ♣~~###.#
#......### ~~~~♣##.#
....$.. P~P~~P#.##
....... ≈≈~~~P♣..##
....... P≈P~~~~~..#
~≈~≈~~~~♣.#


You could see Terence.

Vanquished Creatures
  A worm (D:2)
  A dart slug (D:1)
  7 endoplasms (D:1)
  4 giant cockroaches (D:1)
  3 goblins
  2 hobgoblins (D:1)
  2 kobolds (D:1)
  A quokka (D:1)
  2 bats
  A frilled lizard (D:1)
  A rat (D:1)
25 creatures vanquished.

Notes
Turn   | Place    | Note
-------+----------+-------------------------------------------
     0 | D:1      | swilekon the Felid Monk began the quest for the Orb.
     0 | D:1      | Reached XP level 1. HP: 10/10 MP: 2/2
   307 | D:1      | Reached XP level 2. HP: 10/14 MP: 3/3
   811 | D:1      | Found Guzidos's Jewellery Shoppe.
  1269 | D:1      | Reached XP level 3. HP: 17/17 MP: 4/4
  1272 | D:1      | Found a faded altar of an unknown god.
  1853 | D:2      | Noticed Terence
  1869 | D:2      | Slain by Terence

Illustrated notes

Levels and vault maps discovered:
D:1:      grunt_arrival_crossed_arrows, layout_loops_ring, serial_shops,
          nicolae_shop_waterfront, shapermc_ecumenical_altar_flowoftime,
          dk_noncrumbling_4, kennysheep_small_spiral
D:2:      layout_basic, basic_altar, serial_bayou_lagoon_b, uniq_jessica,
          uniq_terence

Action                   || total
-------------------------++-------
Melee: Unarmed           ||    81
       Bite              ||    10
 Stab: Sleeping          ||     8
Dodge: Dodged            ||    43
